 Dungeon Crawl Stone Soup version 0.17-a0-1718-g72dbe4d (webtiles) character file.

82 karlkraus the Skirmisher (level 4, 0/40 HPs)
             Began as a Centaur Fighter on Aug 24, 2015.
             Succumbed to an adder's poison
             ... on level 2 of the Dungeon.
             The game lasted 00:02:48 (1276 turns).

karlkraus the Skirmisher (Centaur Fighter)          Turns: 1276, Time: 00:02:48

Health: 0/40       AC:  7    Str: 19    XL:     4   Next: 21%
Magic:  4/4        EV:  5    Int:  7    God:
Gold:   50         SH:  8    Dex:  9    Spells: 0 memorised, 3 levels left

rFire  . . .     SeeInvis .     a - +0 flail
rCold  . . .     Clarity  .     b - +0 scale mail
rNeg   . . .     SustAt   .     c - +0 shield
rPois  .         Gourm    .     (no helmet)
rElec  .         Spirit   .     k - +0 cloak
rCorr  .         Warding  .     (no gloves)
rMut   .         Stasis   .     (no barding)
MR     .....                    (no amulet)
Stlth  ..........               (no ring)
                                g - ring of stealth

@: lethally poisoned (0 -> -5), very quick, not resistant to hostile
enchantments, extremely unstealthy
A: hooves 3, deformed body, speed 2, tough skin 3
a: no special abilities


You were on level 2 of the Dungeon.
You were hungry.

You visited 1 branch of the dungeon, and saw 2 of its levels.

You collected 50 gold pieces.

Inventory:

Hand weapons
 a - a +0 flail (weapon)
Armour
 b - a +0 scale mail (worn)
 c - a +0 shield (worn)
 k - a +0 cloak (worn)
Jewellery
 g - a ring of stealth (left hand)
Scrolls
 h - 3 scrolls of remove curse {unknown}
 l - a scroll of teleportation {unknown}
 m - a scroll of enchant weapon {unknown}
Potions
 d - 3 potions of might
 i - a potion of degeneration {unknown}
 j - a potion of beneficial mutation {unknown}
Comestibles
 e - a bread ration
 f - 2 meat rations


   Skills:
 + Level 3.7 Fighting
 + Level 2.0 Maces & Flails
 + Level 2.5 Armour
 + Level 1.1 Dodging
 + Level 0.1 Stealth
 + Level 2.5 Shields


You had 3 spell levels left.
You didn't know any spells.

Dungeon Overview and Level Annotations

Branches:
Dungeon (2/15)

Altars:


Innate Abilities, Weirdness & Mutations

You have hooves in place of feet.
Armour fits poorly on your strangely shaped body.
You cover ground very quickly.
You have extremely tough skin (AC +3).


Message History

You feel sick. You block the adder's attack. The adder bites you.
* * * LOW HITPOINT WARNING * * *
You closely miss the adder. You kick the adder.
The adder is severely wounded.
* * * LOW HITPOINT WARNING * * *
You feel sick. You block the adder's attack.
The adder bites you but does no damage.
You closely miss the adder. You kick the adder, but do no damage.
The adder is severely wounded.
* * * LOW HITPOINT WARNING * * *
You feel sick. You block the adder's attack.
The adder bites you but does no damage.
You miss the adder.
The adder is severely wounded.
* * * LOW HITPOINT WARNING * * *
You feel sick. You block the adder's attack. The adder bites you.
* * * LOW HITPOINT WARNING * * *
You miss the adder. Your kick misses the adder.
The adder is severely wounded.
You die...

######## #....#.## #.......#
#.......# ####### ###.......#
##.....## ###.........#
#.......## ##...#.......# ###
.........#######..###.......###..
...............S@...........<...>
.........#####...#####.##..####..
...............### #)..#........
.........############(....#######
.........# #.....†...##
#.......## ####...<......#
#......## #....###....†.#
#.##.### ##....##.<.....# ..
#.########....#.........#


You could see an adder.

Vanquished Creatures
  Ijyb (D:2)
  An adder (D:2)
  An ooze (D:1)
  3 giant geckos
  2 bats
  A giant cockroach (D:2)
  3 hobgoblins (D:1)
  5 jackals (D:2)
  A ball python (D:1)
  6 giant newts (D:1)
  6 goblins
  2 kobolds
  7 rats
39 creatures vanquished.

Notes
Turn   | Place    | Note
--------------------------------------------------------------
     0 | D:1      | karlkraus the Centaur Fighter began the quest for the Orb.
     0 | D:1      | Reached XP level 1. HP: 19/19 MP: 1/1
   121 | D:1      | Reached XP level 2. HP: 23/26 MP: 2/2
   470 | D:1      | HP: 1/26 [giant gecko (1)]
  1027 | D:2      | Reached XP level 3. HP: 28/31 MP: 3/3
  1117 | D:2      | Noticed Ijyb
  1132 | D:2      | Killed Ijyb
  1132 | D:2      | Reached skill level 1 in Dodging
  1132 | D:2      | Reached XP level 4. HP: 3/40 MP: 4/4
  1274 | D:2      | HP: 2/40 [poisoned by an adder]
  1276 | D:2      | Succumbed to an adder's poison

Vault maps used:
D:1:      dpeg_arrival_fog, minmay_lizard_king
D:2:      uniq_natasha, uniq_iyjb

Action                   |  1- 3 |  4- 6 || total
-------------------------+-------+-------++-------
Melee: Flail             |   130 |    22 ||   152
  Use: Potion            |     1 |       ||     1
